 Dungeon Crawl Stone Soup version 0.30-a0-937-ga0a21ad780 (webtiles) character file.

Game seed: 2660944418742399847

4575 bmack86 the Cleaver (level 10, -2/88 HPs)
             Began as a Minotaur Fighter on Mar 25, 2023.
             Was a Believer of Okawaru.
             Killed by divine providence
             ... invoked by a smoke demon
             ... summoned by a kobold demonologist
              (8 damage)
             ... on level 9 of the Dungeon.
             The game lasted 00:20:58 (8036 turns).

bmack86 the Cleaver (Minotaur Fighter)              Turns: 8036, Time: 00:20:59

Health: -2/88      AC: 21    Str: 25    XL:     10   Next: 18%
Magic:  0/11       EV: 12    Int:  8    God:    Okawaru [**....]
Gold:   81         SH:  5    Dex: 10    Spells: 9/9 levels left

rFire   . . .      SeeInvis .    C - +3 hand axe of Purpose {freeze, rElec Int+3}
rCold   . . .      Faith    .    c - +0 buckler
rNeg    . . .      Spirit   +    M - +0 plate armour
rPois   .          Reflect  .    I - +1 hat
rElec   +          Rampage  .    A - +2 cloak
rCorr   .                        r - +2 pair of gloves
Will    .....                    (no boots) Stlth
                                 b - amulet of guardian spirit
HPRegen 0.34/turn                s - +5 ring of evasion
MPRegen 0.12/turn                E - ring of willpower

@: lethally poisoned (-2 -> -13), weak-willed, slowed, very slow
A: horns 2, retaliatory headbutt
a: Renounce Religion, Heroism


You were on level 9 of the Dungeon.
You worshipped Okawaru.
Okawaru was pleased with you.
You visited 2 branches of the dungeon, and saw 10 of its levels.
You also visited: Sewer.

You collected 536 gold pieces.
You spent 455 gold pieces at shops.

Inventory:

Hand Weapons
 a - a +1 war axe
 C - the +3 hand axe of Purpose (weapon) {freeze, rElec Int+3}
   (You found it on level 6 of the Dungeon)

   Int:       It affects your intelligence (+3).
   rElec:     It insulates you from electricity.
 L - a +0 broad axe
Missiles
 k - 24 poisoned darts
 o - 4 curare-tipped darts
 z - 8 boomerangs (quivered)
Armour
 c - a +0 buckler (worn)
 r - a +2 pair of gloves (worn)
 y - the +4 ring mail "Gufoull" {rN+}
   (You found it on level 3 of the Dungeon)

   rN:        It protects you from negative energy.
 A - a +2 cloak (worn)
 I - a +1 hat (worn)
 K - a +2 cloak
 M - a +0 plate armour (worn)
Jewellery
 b - an amulet of guardian spirit (around neck)
 n - a ring of protection from cold
 s - a +5 ring of evasion (left hand)
 u - an amulet of magic regeneration
 E - a ring of willpower (right hand)
 F - a ring of fire
 G - a ring of wizardry
 H - a +6 ring of strength
 N - a ring of positive energy
 O - a +6 ring of intelligence
Wands
 h - a wand of iceblast (10)
 q - a wand of polymorph (1)
 v - a wand of paralysis (25)
 D - a wand of flame (20)
Scrolls
 f - 7 scrolls of teleportation
 i - 2 scrolls of immolation
 B - a scroll of blinking
Potions
 d - 3 potions of might
 e - 2 potions of attraction
 g - 3 potions of haste
 j - 8 potions of curing
 l - 3 potions of mutation
 m - 2 potions of brilliance
 p - a potion of cancellation {unknown}
 t - 2 potions of magic
 w - 4 potions of flight
 x - 8 potions of heal wounds
 J - a potion of resistance {unknown}


   Skills:
 + Level 8.0 Fighting
 * Level 10.5 Axes
 + Level 5.6 Throwing
 + Level 8.0 Armour
 + Level 8.0 Shields
 + Level 3.0 Invocations


You had 9 spell levels left.
You didn't know any spells.
Your spell library contained the following spells:

 Spells                   Type           Power      Damage    Failure   Level
 Necrotise                Necr           0%         1d4       99%         1
 Shock                    Conj/Air       0%         1d3       99%         1
 Inner Flame              Hex/Fire       0%         N/A       100%        3
 Swiftness                Air            0%         N/A       100%        3
 Vampiric Draining        Necr           0%         2d6       100%        3
 Airstrike                Air            0%         2d(0-16)  100%        4
 Cause Fear               Hex            0%         N/A       100%        4
 Agony                    Necr           0%         N/A       100%        5
 Orb of Destruction       Conj           0%         9d5       100%        7
 Discord                  Hex            0%         N/A       100%        8
 Summon Guardian Golem    Hex/Summ       Unusable   N/A       N/A         3
 Spellforged Servitor     Conj/Summ      Unusable   N/A       N/A         7

Dungeon Overview and Level Annotations

Branches:
Dungeon (9/15)             Temple (1/1) D:7           Sewer (visited)
   Lair: D:8-11         Orc: D:9-12

Altars:
Ashenzari
Cheibriados
Dithmenos
Elyvilon
Fedhas
Gozag
Hepliaklqana
Kikubaaqudgha
Makhleb
Okawaru
Qazlal
Ru
Sif Muna
Vehumet
Wu Jian
Yredelemnul
Zin
The Shining One

Shops:
D:4 *(   D:8 !!***

Annotations:
D:4 3 runed translucent doors, patfeehan111222's ghost, amateur MiBe


Innate Abilities, Weirdness & Mutations

You have a pair of horns on your head.
You reflexively headbutt those who attack you in melee.


Message History

The kobold demonologist completely misses you.
You furiously retaliate!
You headbutt the kobold demonologist! The smoke demon closely misses you.
You furiously retaliate!
You headbutt the smoke demon!
The smoke demon hits you but does no damage.
The smoke demon completely misses you. You block the white imp's attack.
You slash the kobold demonologist! You freeze the kobold demonologist.
You kill the kobold demonologist!
Okawaru is honoured by your kill.
The white imp disappears in a puff of smoke! x2
The crimson imp disappears in a puff of smoke!
You closely miss the kobold brigand. You hit the smoke demon.
You freeze the smoke demon.
You completely miss the kobold demonologist.
You are engulfed in a cloud of scalding steam.
You are covered in liquid flames!
* * * LOW HITPOINT WARNING * * *
x2 You feel very sick.
The kobold brigand hits you with a +0 whip of venom.
* * * LOW HITPOINT WARNING * * *
You are lethally poisoned!
The kobold demonologist casts a cantrip, but nothing happens.
The smoke demon hits you but does no damage.
The smoke demon closely misses you. The smoke demon barely misses you.
The kobold brigand hits you but does no damage.
The kobold demonologist casts a spell.
Your Fighting skill increases to level 8!
Your Armour skill increases to level 8!
Your Invocations skill increases to level 3!
You closely miss the kobold demonologist.
The kobold demonologist is lightly wounded.
You completely miss the kobold brigand. You hit the smoke demon.
You freeze the smoke demon. You hit the quasit but do no damage.
You are engulfed in a cloud of scalding steam.
You are covered in liquid flames!
* * * LOW HITPOINT WARNING * * *
You feel very sick. The smoke demon gestures at you. Something smites you!
You die...

.......#
......#
#.....#
#.....#
##.....
##.....#
####.....<#
......35§.#
.......@K.#
......K§..#
......§....#
............#
#.......###...
######### ..##
..# .#


You could see a kobold demonologist, a smoke demon (summoned), a kobold brigand
and a quasit (summoned).

Vanquished Creatures
  Erica (D:8)
  Maurice (D:8)
  Joseph (D:7)
  A kobold demonologist (D:9)
  A hornet (D:8)
  A wyvern (D:7)
  A water moccasin (D:4)
  Pargi (Sewer)
  2 black bears (D:6)
  An orc warrior (D:8)
  An ice beast (D:6)
  A sky beast (D:7)
  3 ogres
  A kobold brigand (D:8)
  A phantom (D:5)
  5 bullfrogs
  2 scorpions
  4 wights (D:7)
  2 orc priests
  2 hounds (D:5)
  A gnoll bouda (D:7)
  5 jellies
  A sleepcap (D:6)
  An iguana (D:5)
  15 orc wizards
  14 adders
  4 gnolls (D:7)
  4 white imps
  3 worms
  30 orcs
  4 bats
  5 endoplasms
  10 giant cockroaches
  8 hobgoblins
  11 kobolds
  9 ball pythons
  11 frilled lizards
  8 goblins
  4 rats
181 creatures vanquished.

Vanquished Creatures (others)
  A bullfrog (D:8)
  2 withered plants (D:7)
3 creatures vanquished.

Grand Total: 184 creatures vanquished

Notes
Turn   | Place    | Note
-------+----------+-------------------------------------------
     0 | D:1      | bmack86 the Minotaur Fighter began the quest for the Orb.
     0 | D:1      | Reached XP level 1. HP: 19/19 MP: 0/0
   921 | D:2      | Reached XP level 2. HP: 27/27 MP: 1/1
   929 | D:2      | Reached skill level 3 in Axes
  1173 | D:2      | Reached XP level 3. HP: 31/33 MP: 2/2
  1248 | D:2      | Found a faded altar of an unknown god.
  1356 | D:2      | Reached skill level 1 in Throwing
  1571 | D:3      | Found a shimmering blue altar of Sif Muna.
  1822 | D:3      | Reached XP level 4. HP: 40/40 MP: 3/3
  2141 | D:3      | Reached skill level 4 in Axes
  2160 | D:3      | Identified the +4 ring mail "Gufoull" {rN+}
  2844 | D:4      | Reached XP level 5. HP: 46/46 MP: 4/4
  2856 | D:4      | Found Feforchuo's Weapon Shop.
  2924 | D:4      | Found a runed translucent gate.
  2925 | D:4      | Found a runed translucent gate.
  2926 | D:4      | Found a runed translucent gate.
  2926 | D:4      | Noticed patfeehan111222's ghost (amateur MiBe)
  3067 | D:4      | Found a glowing drain.
  3088 | Sewer    | Entered a sewer
  3111 | Sewer    | Noticed Pargi
  3123 | Sewer    | Killed Pargi
  3124 | Sewer    | Reached skill level 5 in Axes
  3124 | Sewer    | Reached XP level 6. HP: 43/53 MP: 5/5
  3662 | D:4      | Found Qiqaraiblo's Serpentskin Sales.
  3662 | D:4      | Noticed a water moccasin
  3670 | D:4      | Killed a water moccasin
  3671 | D:4      | Reached skill level 5 in Armour
  3836 | D:5      | Entered Level 5 of the Dungeon
  3935 | D:5      | Reached skill level 5 in Fighting
  3949 | D:5      | Reached skill level 5 in Shields
  3949 | D:5      | Reached XP level 7. HP: 61/61 MP: 6/6
  3956 | D:5      | Reached skill level 6 in Axes
  4036 | D:5      | Found an opulent altar of Gozag.
  5208 | D:6      | Reached skill level 7 in Axes
  5208 | D:6      | Reached XP level 8. HP: 70/70 MP: 7/7
  5290 | D:6      | Identified the +3 hand axe of Purpose {freeze, rElec Int+3}
  6079 | D:7      | Noticed Joseph
  6096 | D:7      | Killed Joseph
  6097 | D:7      | Reached skill level 8 in Axes
  6264 | D:7      | Reached XP level 9. HP: 68/78 MP: 6/8
  6315 | D:7      | Found a staircase to the Ecumenical Temple.
  6325 | Temple   | Entered the Ecumenical Temple
  6383 | Temple   | Became a worshipper of Warmaster Okawaru
  6474 | D:7      | Found a basalt altar of Yredelemnul.
  6498 | D:7      | Reached skill level 9 in Axes
  6688 | D:7      | Identified the +1 whip "Didut" {freeze, *Corrode rC+++
                  | Dex+3}
  6699 | D:7      | Reached skill level 1 in Invocations
  6920 | D:8      | Found a broken altar of Ashenzari.
  6928 | D:8      | Saw a vision of the Swamp and the Snake Pit.
  6928 | D:8      | Noticed a five-headed hydra
  6928 | D:8      | Noticed a naga sharpshooter
  6928 | D:8      | Noticed a bog body
  6928 | D:8      | Noticed a black mamba
  6928 | D:8      | Noticed a six-headed hydra
  6928 | D:8      | Noticed a black mamba
  6928 | D:8      | Noticed a spriggan druid
  6928 | D:8      | Noticed a black mamba
  6928 | D:8      | Noticed a salamander
  6929 | D:8      | Noticed a shock serpent
  6929 | D:8      | Noticed a spriggan druid
  6930 | D:8      | Noticed a mana viper
  7002 | D:8      | Found Juost's Distillery.
  7006 | D:8      | Bought a potion of flight for 30 gold pieces
  7006 | D:8      | Bought a potion of curing for 30 gold pieces
  7006 | D:8      | Bought a potion of heal wounds for 50 gold pieces
  7033 | D:8      | Noticed Erica
  7058 | D:8      | Killed Erica
  7058 | D:8      | Reached * piety under Okawaru
  7059 | D:8      | Reached skill level 5 in Throwing
  7178 | D:8      | Found Muelliun's Distillery.
  7182 | D:8      | Found a transporter.
  7190 | D:8      | Found a transporter.
  7208 | D:8      | Found a transporter.
  7248 | D:8      | Found a transporter.
  7277 | D:8      | Reached skill level 10 in Axes
  7317 | D:8      | Found a shadowy altar of Dithmenos.
  7470 | D:8      | Found a white marble altar of Elyvilon.
  7473 | D:8      | Found a glowing golden altar of the Shining One.
  7474 | D:8      | Noticed Maurice
  7491 | D:8      | Killed Maurice
  7492 | D:8      | Reached XP level 10. HP: 73/88 MP: 7/10
  7603 | D:8      | Reached ** piety under Okawaru
  7662 | D:8      | Found Zin's Purification Station.
  7667 | D:8      | Found a glowing silver altar of Zin.
  7694 | D:8      | Paralysed by a hornet for 1 turns
  7763 | D:8      | Found Atheterph's Assorted Antiques.
  7766 | D:8      | Bought a brass ring for 115 gold pieces
  7766 | D:8      | Bought a knobbly bone ring for 115 gold pieces
  7766 | D:8      | Bought a golden ring for 115 gold pieces
  7902 | D:8      | Found Vaiveeg's Assorted Antiques.
  8029 | D:9      | Noticed a smoke demon
  8036 | D:9      | Killed from afar by a smoke demon

Illustrated notes

Levels and vault maps discovered:
D:1:      dpeg_arrival_round_b, layout_loops_corners,
          corexii_item_surrounded_by_moat
D:2:      layout_basic, nicolae_ecumenical_snake_handling, hex_medium
D:3:      minmay_skewed_foursquare, layout_basic, mainiacjoe_overflow_catwalk
D:4:      layout_basic, gup_sewer_entry_glass, gammafunk_ghost_nasty_kobolds,
          serial_shops, nicolae_shop_bloodbath_and_beyond, guppyfry_shop_venom
D:5:      layout_loops_cross, mainiacjoe_overflow_tiny_flanked,
          serial_co_window_serial, co_window_corner_a,
          co_window_of_opportunity_a, co_window_paths_a, co_window_corner_a,
          co_window_cross_1, co_window_2corner, co_window_broadway_c,
          co_window_broadway_b, co_window_2corner, co_window_4corner_b,
          co_window_sun, glass_columns_a, glass_columns_a, glass_columns_b,
          glass_columns_c
D:6:      layout_gridville, minmay_misc_feat_secret_circle
D:7:      layout_gridville, yredelemnul_altar_generic,
          minmay_temple_entry_wispy, minmay_misc_feat_rows, uniq_joseph
D:8:      layout_basic, amcnicky_altar_gilded, zin_purify,
          grunt_ashenzari_visionary [grunt_ashenzari_visionary_swamp,
          grunt_ashenzari_visionary_snake],
          chequers_temple_overflow_statue_of_worship, serial_shops, shop,
          nicolae_shop_behind_doors, shop, nicolae_shop_waterfront,
          nicolae_transporter_intersection, uniq_erica, uniq_maurice
D:9:      layout_cave_pods, mainiacjoe_overflow_six_doors_small,
          eat_drink_and_be_merry_uskayaw, trog_hazing_becter, uniq_erolcha
Temple:   zaba_magenta_temple

Skill      XL: |  1  2  3  4  5  6  7  8  9 10 |
---------------+-------------------------------+-----
Axes           | 3 4 5 7 8 10 | 10.5
Armour         | 4 5 6 7 8 |  8.0
Fighting       | 4 5 6 7 8 |  8.0
Shields        | 4 5 6 7 8 |  8.0
Throwing       | 1 2 3 4 5 |  5.6
Invocations    | 2 3 |  3.0

Action                     |  1- 3 |  4- 6 |  7- 9 | 10-12 || total
---------------------------+-------+-------+-------+-------++-------
  Melee: War axe           |    57 |   128 |    87 |       ||   272
         Headbutt          |     6 |    17 |    41 |     6 ||    70
         Hand axe          |       |       |   161 |    51 ||   212
  Throw: Dart              |       |     3 |       |       ||     3
         Boomerang         |       |    10 |       |     4 ||    14
 Invoke: Heroism           |       |       |     1 |       ||     1
    Use: Scroll            |     6 |     8 |     7 |     2 ||    23
 Armour: Scale mail        |    33 |    20 |       |       ||    53
         Ring mail         |       |    59 |   108 |     2 ||   169
         Plate armour      |       |       |       |    30 ||    30
  Dodge: Dodged            |    30 |    65 |    98 |    25 ||   218
  Block: Buckler           |    11 |    34 |    38 |    15 ||    98

Table legend: (Time is in decaauts)
 A = Elapsed time spent in this place.
 B = Non-inter-level travel time spent in this place.
 C = Inter-level travel time spent in this place.
 D = Time resting spent in this place.
 E = Time spent auto-exploring this place.
 F = Levels seen in this place.
 G = Mean time per level.
                   A        B        C        D        E       F      G
               +--------+--------+--------+--------+--------+-----+--------+
         Total |   8130 |   7877 |    253 |    136 |   5428 |  11 |  739.1 |
       Dungeon |   7788 |   7535 |    253 |    136 |   5246 |   9 |  865.3 |
        Temple |     78 |     78 |      0 |      0 |     41 |   1 |   78.0 |
         Sewer |    263 |    263 |      0 |      0 |    141 |   1 |  263.0 |
               +--------+--------+--------+--------+--------+-----+--------+

Top non-repeatable levels by time:
     D:5: 1274 daAuts
     D:8: 1115 daAuts
     D:4: 1060 daAuts
     D:3: 1026 daAuts
     D:6: 892 daAuts
     D:1: 879 daAuts
     D:7: 815 daAuts
     D:2: 706 daAuts
   Sewer: 263 daAuts
  Temple: 78 daAuts
     D:9: 16 daAuts
